cohdb
Replays
Latest Replays
All Replays
Popular Replays
Top Player Replays
Match Explorer
How It Works
Community
CoH3 Stats
Reddit
Sign in to upload your games and track your stats! →
Sign in with Steam
Match 42088733
Unlisted
Match 42088733
Overview
Messages
Build Orders
End
Royal Engineer Section
Construct Section Command Post
Dingo Light Scout Car
Infantry Section
Infantry Section
Construct Platoon Command Post
Humber Armored Car
Unlock M3 Stuart Light Tanks
M3 Stuart Light Tank
Light Vehicle Training
Selects Air and Sea Battlegroup
Selects Commando Section Paradrop
Selects M1 Pack Howitzer Paradrop
Commando Section Paradrop
Royal Engineer Section
6-pounder Anti-tank Gun Team
M3 Stuart Light Tank
Construct Field Infirmary
M3 Stuart Light Tank
M3 Stuart Light Tank
Royal Engineer Section
Viciousbulldog
(502) Bad Gateway
0
0
Comments
sign in to comment!
No comments posted yet!